 Dungeon Crawl Stone Soup version 0.28.0-49-g6dfe1f597d (webtiles) character file.

Game seed: 5661370145101214878

5719 Atelerd the Covert (level 10, -2/56 HPs)
             Began as an Octopode Earth Elementalist on May 15, 2022.
             Shot with an arrow by a centaur warrior (17 damage)
             ... on level 10 of the Dungeon.
             The game lasted 00:17:17 (12086 turns).

Atelerd the Covert (Octopode Earth Elementalist)   Turns: 12086, Time: 00:17:18

Health: -2/56      AC:  5    Str: 14    XL:     10   Next: 76%
Magic:  13/21      EV: 15    Int: 22    God:
Gold:   431        SH:  0    Dex: 18    Spells: 16/24 levels left

rFire   . . .      SeeInvis .   x - +5 dagger (freeze)
rCold   . . .      Faith    .   (no shield)
rNeg    . . .      Spirit   .   (helmet restricted)
rPois   .          Reflect  .   (no amulet)
rElec   .          Harm     .   g - ring of wizardry
rCorr   +          Rampage  .   l - +6 ring of dexterity
Will    +....                   s - ring of willpower
Stlth   ++++++....              E - ring of resist corrosion
HPRegen 0.18/turn               B - +6 ring of strength
MPRegen 0.17/turn               G - +4 ring of protection
                                (no ring)
                                (no ring)

@: no status effects
A: almost no armour, amphibious, 8 rings, camouflage 1, gelatinous body 1,
(nimble swimmer 1), tentacles
a: no special abilities


You were on level 10 of the Dungeon.
You visited 1 branch of the dungeon, and saw 10 of its levels.

You collected 431 gold pieces.

Inventory:

Hand Weapons
 c - a +0 spear
 e - a +0 dagger
 o - a +1 dagger of speed
 x - a +5 dagger of freezing (weapon)
Missiles
 y - a throwing net
 D - 66 stones
Jewellery
 g - a ring of wizardry (left tentacle)
 l - a +6 ring of dexterity (right tentacle)
 s - a ring of willpower (on tentacle)
 B - a +6 ring of strength (on tentacle)
 E - a ring of resist corrosion (on tentacle)
 G - a +4 ring of protection (on tentacle)
Scrolls
 d - a scroll of fog {unknown}
 f - a scroll of immolation
 h - a scroll of amnesia {unknown}
 i - a scroll of fear
 k - 2 scrolls of teleportation
 m - a scroll of enchant weapon
 u - a scroll of noise {unknown}
 w - 2 scrolls of torment
 z - a scroll of enchant armour {unknown}
 F - a scroll of identify
Potions
 a - a potion of ambrosia {unknown}
 b - a potion of attraction {unknown}
 j - a potion of might {unknown}
 n - a potion of haste {unknown}
 p - a potion of flight {unknown}
 q - a potion of lignification {unknown}
 r - a potion of degeneration {unknown}
 t - a potion of curing
 v - 2 potions of resistance
 A - 2 potions of heal wounds {unknown}
 C - 2 potions of mutation {unknown}


   Skills:
 - Level 3.0 Short Blades
 - Level 5.0 Dodging
 + Level 11.7 Stealth
 + Level 7.6 Spellcasting
 - Level 5.0 Transmutations
 + Level 8.6 Earth Magic


You had 16 spell levels left.
You knew the following spells:

 Your Spells              Type           Power      Damage    Failure   Level
a - Sandblast             Erth           92%        2d19      1%          1
p - Petrify               Tmut/Erth      38%        N/A       1%          4
r - Stone Arrow           Conj/Erth      54%        3d10      1%          3

Your spell library contained the following spells:

 Spells                   Type           Power      Damage    Failure   Level
 Passwall                 Tmut/Erth      31%        N/A       1%          2
 Apportation              Tloc           16%        N/A       3%          1
 Alistair's Intoxication  Tmut/Pois      12%        N/A       30%         5


Dungeon Overview and Level Annotations

Branches:
Dungeon (10/15)            Temple (0/1) D:7
   Lair: D:8-11         Orc: D:9-12

Altars:
Dithmenos
Elyvilon
Kikubaaqudgha
Makhleb
Okawaru
Ru
Trog
Uskayaw
Xom

Shops:
D:6 :

Annotations:
D:3 exclusion: 2 downstairs
D:6 exclusion: downstairs
D:7 2 transporters, 1 exclusion, gno's ghost, novice GrEE
D:10 1 runed translucent door


Innate Abilities, Weirdness & Mutations

You cannot wear most types of armour.
You are amphibious.
You can wear up to eight rings at the same time.
Your skin changes colour to match your surroundings (Stealth+).
Your rubbery body absorbs attacks. (AC +1, EV +1)
((You are camouflaged when in or above water. (Stealth+)))
You have tentacles for arms and can constrict up to eight enemies at once.


Message History

The blast of sand misses the kobold.
The blast of sand hits the kobold!!
You kill the kobold!
The kobold closely misses you.
You hit the kobold. You freeze the kobold.
You kill the kobold!
You can't see any susceptible monsters within range! (Use Z to cast anyway.)
i - a scroll of fear
Okay, then.
Magic restored.
D - 62 stones (gained 5)
Things that are here:
a +0 club; a +0 dagger; a kobold corpse
D - 66 stones (gained 4)
Things that are here:
a +0 club; a kobold corpse
Found an escape hatch in the floor.
You see here a +0 short sword.
There is an escape hatch in the floor here.
Found a stone staircase leading up.
A centaur warrior is nearby!
Casting: Sandblast (safe; 1% risk of failure)
Confirm with . or Enter, or press ? or * to list all spells.
Aiming: Petrify (dangerous; 1% risk of failure)
Press: ? - help, Shift-Dir - straight line, f - centaur warrior
Aim: a centaur warrior, wielding a +0 shortbow and quivering arrows (wandering, hasn't noticed you, chance to affect: 48%)
The centaur warrior resists with some effort.
The centaur warrior shoots an arrow.
The arrow barely misses you.
Casting: Petrify (dangerous; 1% risk of failure)
Confirm with . or Enter, or press ? or * to list all spells.
Aiming: Petrify (dangerous; 1% risk of failure)
Press: ? - help, Shift-Dir - straight line, f/p - centaur warrior
Aim: a centaur warrior, wielding a +0 shortbow and quivering arrows (chance to affect: 48%)
The centaur warrior is moving more slowly.
The centaur warrior shoots an arrow.
The arrow completely misses you.
The centaur warrior shoots an arrow.
The arrow hits you!!
The centaur warrior shoots an arrow.
The arrow hits you!!
* * * LOW HITPOINT WARNING * * *
The centaur warrior shoots an arrow.
The arrow hits you!
You die...

....... #.....# #...:.### ###
#....c.. # ..# #......#. ..#
#....... ..# #.....# ..########
#....@#..# ..#
.........###.....#..##..
.....###...###.#.#.....#
........##..##.#......#
..........#.......<...## ####
...##..................#######...
...##.......###.............##...
....))....................[......
...##..)......#......##..#####...


You could see a centaur warrior (petrifying).

Vanquished Creatures
  A two-headed ogre (D:9)
  Pikel (D:4)
  A cyclops (D:8)
  A kobold demonologist (D:7)
  Prince Ribbit (D:7)
  A meliai zombie (D:10)
  Sigmund (D:5)
  A wyvern (D:6)
  2 water moccasins
  An orc warrior (D:6)
  A black bear (D:5)
  A sky beast (D:4)
  3 centaurs
  3 necrophages
  4 ogres
  2 lemures (D:4)
  2 kobold brigands (D:10)
  2 bullfrogs
  A wyvern zombie (D:7)
  3 scorpions
  A water moccasin zombie (D:5)
  A killer bee (D:7)
  3 wights (D:10)
  3 centaur zombies
  7 hounds
  A human zombie (D:10)
  2 jellies
  A gnoll shaman (D:7)
  2 orc priests
  A bullfrog skeleton (D:6)
  2 iguanas (D:6)
  4 orc wizards
  2 killer bee zombies (D:6)
  5 mummies (D:10)
  A howler monkey zombie (D:7)
  9 gnolls
  A howler monkey skeleton (D:5)
  6 adders
  A shadow imp (D:7)
  2 white imps (D:7)
  3 ufetubi
  2 worms
  3 dart slugs
  25 orcs
  2 ball pythons
  4 endoplasms
  4 giant cockroaches
  7 goblins
  8 hobgoblins
  3 quokkas
  2 bats (D:3)
  12 kobolds
  6 rats
169 creatures vanquished.

Notes
Turn   | Place    | Note
-------+----------+-------------------------------------------
     0 | D:1      | Atelerd the Octopode Earth Elementalist began the quest for
                  | the Orb.
     0 | D:1      | Reached XP level 1. HP: 11/11 MP: 3/3
   148 | D:1      | Reached skill level 3 in Stealth
   148 | D:1      | Reached XP level 2. HP: 17/17 MP: 0/5
   788 | D:1      | Reached XP level 3. HP: 15/21 MP: 3/6
  1154 | D:2      | You fall into a shaft and drop 1 floor!
  1154 | D:3      | Found a faded altar of an unknown god.
  1399 | D:3      | Reached XP level 4. HP: 27/27 MP: 7/7
  2475 | D:4      | Found a hide-covered altar of Uskayaw.
  2497 | D:4      | Noticed a necrophage
  2519 | D:4      | Reached skill level 4 in Stealth
  2807 | D:2      | Learned a level 4 spell: Petrify
  2885 | D:2      | Reached XP level 5. HP: 30/30 MP: 6/9
  3533 | D:4      | Noticed a lemure
  3545 | D:4      | HP: 1/31 [scorpion (10)]
  3901 | D:3      | Killed a necrophage
  3902 | D:3      | Reached skill level 5 in Stealth
  3902 | D:3      | Reached XP level 6. HP: 36/36 MP: 6/10
  4131 | D:4      | Noticed a necrophage
  4364 | D:4      | Noticed Pikel
  4486 | D:3      | Killed a necrophage
  4667 | D:4      | Killed Pikel
  4668 | D:4      | Reached skill level 6 in Stealth
  4668 | D:4      | Reached skill level 5 in Earth Magic
  4668 | D:4      | Reached XP level 7. HP: 39/41 MP: 5/13
  4842 | D:4      | Reached XP level 8. HP: 36/46 MP: 10/14
  5044 | D:4      | Reached skill level 7 in Stealth
  5537 | D:5      | Entered Level 5 of the Dungeon
  5563 | D:5      | Reached skill level 1 in Short Blades
  5708 | D:5      | Reached skill level 5 in Transmutations
  5780 | D:5      | Reached skill level 5 in Spellcasting
  5831 | D:5      | Noticed Sigmund
  5837 | D:5      | Killed Sigmund
  5838 | D:5      | Reached skill level 8 in Stealth
  5934 | D:5      | Reached XP level 9. HP: 51/51 MP: 8/16
  7339 | D:6      | Found a sacrificial altar of Ru.
  7359 | D:6      | Found Huck's Book Shoppe.
  7363 | D:6      | Found a shadowy altar of Dithmenos.
  7793 | D:7      | Reached skill level 9 in Stealth
  7812 | D:7      | Learned a level 3 spell: Stone Arrow
  8093 | D:7      | Found a transporter.
  8099 | D:7      | Noticed gno's ghost (novice GrEE)
  8136 | D:7      | Found a transporter.
  8306 | D:7      | Found a bloodstained altar of Trog.
  8321 | D:7      | Found a staircase to the Ecumenical Temple.
  9144 | D:7      | Noticed a boulder beetle
  9144 | D:7      | Noticed a gargoyle
  9144 | D:7      | Noticed a purple ugly thing
  9144 | D:7      | Noticed a gargoyle
  9144 | D:7      | Noticed a kobold demonologist
  9146 | D:7      | Noticed an orange demon
  9298 | D:7      | Noticed an ice devil
  9301 | D:7      | Killed a kobold demonologist
  9302 | D:7      | Reached skill level 5 in Dodging
  9302 | D:7      | Reached XP level 10. HP: 54/56 MP: 0/19
  9306 | D:7      | Reached skill level 10 in Stealth
  9475 | D:7      | Noticed Prince Ribbit
  9483 | D:7      | Killed Prince Ribbit
  9699 | D:8      | Found an iron altar of Okawaru.
  9712 | D:8      | Found a shimmering altar of Xom.
  9905 | D:8      | Noticed a cyclops
  9913 | D:8      | Killed a cyclops
 10193 | D:9      | Noticed a two-headed ogre
 10204 | D:9      | Killed a two-headed ogre
 10205 | D:9      | Reached skill level 11 in Stealth
 10454 | D:9      | Noticed a catoblepas
 10543 | D:10     | Entered Level 10 of the Dungeon
 11090 | D:10     | Found an ancient bone altar of Kikubaaqudgha.
 11323 | D:10     | Found a runed translucent door.
 11324 | D:10     | Noticed a sixfirhy
 11517 | D:10     | Found a burning altar of Makhleb.
 11576 | D:10     | Found a white marble altar of Elyvilon.
 11585 | D:10     | Noticed a centaur warrior
 11591 | D:10     | HP: 1/56 [centaur warrior/arrow (25)]
 12086 | D:10     | Shot with an arrow by a centaur warrior

Illustrated notes

Levels and vault maps discovered:
D:1:      dpeg_arrival_line_fractal, layout_basic, minmay_misc_feat_nine_boxes
D:2:      layout_basic
D:3:      layout_basic, hellmonk_ecumenical_altar_lost_god
D:4:      layout_basic, nicolae_uskayaw_dance_hall, uniq_pikel
D:5:      layout_basic, chequers_serial_rivers_micro_b, uniq_sigmund
D:6:      layout_rooms, mainiacjoe_overflow_boulevard,
          mainiacjoe_overflow_small_starburst, serial_shops,
          nicolae_shop_hallway_stairs, st_stairs_3
D:7:      nzn_winding_woodlands_large [nzn_winding_woodlands_5x5_open_star,
          nzn_winding_woodlands_5x15_cabin,
          nzn_winding_woodlands_5x5_closed_star,
          nzn_winding_woodlands_center_triple_pond,
          nzn_winding_woodlands_15x15_killbox,
          nzn_winding_woodlands_center_lodge, nzn_winding_woodlands_hourglass,
          nzn_winding_woodlands_5x15_crooked, nzn_winding_woodlands_5x5_cross],
          layout_loops_ring, mainiacjoe_overflow_catwalk,
          minmay_temple_entry_poolview, gammafunk_ghost_stat_death,
          uniq_prince_ribbit1
D:8:      layout_rooms, kennysheep_mini, grunt_temple_overflow_open,
          serial_shops, nicolae_stop_n_shop_2
D:9:      minmay_the_grid_square_5x5_3x3 [minmay_the_grid_square_5x5_longway,
          minmay_the_grid_square_5x5_shuriken,
          minmay_the_grid_square_5x5_gyroscope,
          minmay_the_grid_square_5x5_pentomino_r,
          minmay_the_grid_square_5x5_megaprize_crossed,
          minmay_the_grid_square_5x5_misaligned,
          minmay_the_grid_square_5x5_spiral_small,
          minmay_the_grid_square_5x5_three_walls,
          minmay_the_grid_square_5x5_checkered_statues], layout_basic,
          bh_walls_and_bars
D:10:     cheibrodos_shockbox, layout_rooms,
          lemuel_mausoleum_altar_kikubaaqudgha, kennysheep_little_box,
          bloody_makhleb, uniq_grum

Skill      XL: |  1  2  3  4  5  6  7  8  9 10 |
---------------+-------------------------------+-----
Stealth        | 3 4 5 6 8 9 11 | 11.7
Transmutations | 2 3 4 5 |  5.0
Spellcasting   | 3 4 5 6 7 |  7.6
Earth Magic    | 4 5 6 7 8 |  8.6
Short Blades   | 2 3 |  3.0
Dodging        | 3 5 |  5.0

Action                   |  1- 3 |  4- 6 |  7- 9 | 10-12 || total
-------------------------+-------+-------+-------+-------++-------
Melee: Constrict         |     7 |    15 |    15 |     5 ||    42
       Unarmed           |     1 |       |       |       ||     1
       Spear             |    19 |    31 |       |       ||    50
       Tentacles         |     3 |    17 |    13 |    11 ||    44
       Punch             |     1 |     1 |       |     3 ||     5
       Dagger            |       |    20 |    53 |    44 ||   117
 Cast: Sandblast         |    30 |    41 |    84 |     7 ||   162
       Petrify           |       |    10 |    24 |    14 ||    48
       Stone Arrow       |       |       |    21 |    27 ||    48
  Use: Potion            |       |     3 |       |       ||     3
       Scroll            |       |     4 |     2 |     7 ||    13
 Stab: Sleeping          |     4 |     5 |     4 |     8 ||    21
       Petrified         |       |    16 |    20 |    10 ||    46
       Petrifying        |       |       |     1 |       ||     1
Armor: Skin              |     6 |     2 |       |     2 ||    10
Dodge: Dodged            |    11 |    34 |    54 |    36 ||   135
